 Dungeon Crawl Stone Soup version 0.28-a0-529-g3bad584f25 (webtiles) character file.

Game seed: 12342410889843083892

3360 SkeletonJelly the Scholar of Death (level 9, -8/45 HPs)
             Began as a Deep Elf Necromancer on Sept 24, 2021.
             Was a Follower of Kikubaaqudgha.
             Killed by an exploding cyclops (53 damage)
             ... ignited by their inner flame
             ... on level 7 of the Dungeon.
             The game lasted 00:26:58 (9237 turns).

SkeletonJelly the Scholar of Death (DENe)           Turns: 9237, Time: 00:26:58

Health: -8/45      AC:  9    Str:  5    XL:     9   Next: 73%
Magic:  18/25      EV: 16    Int: 26    God:    Kikubaaqudgha [*.....]
Gold:   339        SH:  0    Dex: 21    Spells: 15/29 levels left

rFire   . . .      SeeInvis +   B - +0 trident (venom)
rCold   . . .      Faith    .   (no shield)
rNeg    . . .      Spirit   .   D - +0 troll leather armour
rPois   .          Reflect  .   u - +3 crown of Dyrovepreva {rElec Int+2 SInv}
rElec   +          Harm     .   c - +1 cloak
rCorr   .          Rampage  .   (no gloves)
Will    .....                   (no boots)
Stlth   ++........              t - amulet of regeneration
HPRegen 3.15/turn               r - +4 ring of evasion
MPRegen 0.19/turn               z - +6 ring of dexterity

@: flying
A: regeneration 1
a: Renounce Religion, Receive Corpses


You were on level 7 of the Dungeon.
You worshipped Kikubaaqudgha.
Kikubaaqudgha was aware of your devotion.
You visited 2 branches of the dungeon, and saw 8 of its levels.

You collected 339 gold pieces.

Inventory:

Hand Weapons
 e - a +1 short sword of speed
 n - a +4 dagger
 o - a +2 dagger of freezing
 w - a +0 whip of electrocution
 B - a +0 trident of venom (weapon)
Missiles
 m - 14 poisoned darts
Armour
 a - a +0 robe
 b - a +0 buckler
 c - a +1 cloak (worn)
 u - the +3 crown of Dyrovepreva (worn) {rElec Int+2 SInv}
   (You found it on level 5 of the Dungeon)

   Int:       It affects your intelligence (+2).
   rElec:     It insulates you from electricity.
   SInv:      It lets you see invisible.
 D - a +0 troll leather armour (worn)
Jewellery
 r - a +4 ring of evasion (left hand)
 t - an amulet of regeneration (around neck)
 v - an amulet of faith
 z - a +6 ring of dexterity (right hand)
Wands
 p - a wand of paralysis (5)
 A - a wand of iceblast (4)
 E - a wand of flame (23)
Scrolls
 d - a scroll of enchant armour {unknown}
 f - 7 scrolls of identify {unknown}
 g - a scroll of fear {unknown}
 h - a scroll of brand weapon {unknown}
 i - 2 scrolls of acquirement
 s - 2 scrolls of fog
 y - a scroll of enchant weapon
 C - 3 scrolls of teleportation
Potions
 j - 4 potions of curing
 k - a potion of degeneration
 l - a potion of flight
 q - a potion of might {unknown}
 x - a potion of heal wounds {unknown}


   Skills:
 - Level 3.0 Dodging
 - Level 3.0 Stealth
 + Level 10.7 Spellcasting
 * Level 14.0 Necromancy


You had 15 spell levels left.
You knew the following spells:

 Your Spells              Type           Power      Damage    Failure   Level
a - Pain                  Necr           100%       1d9       1%          1
d - Animate Dead          Necr           36%        N/A       1%          4
q - Agony                 Necr           72%        N/A       1%          5
s - Animate Skeleton      Necr           100%       N/A       1%          1
x - Vampiric Draining     Necr           36%        2d11      1%          3

Your spell library contained the following spells:

 Spells                   Type           Power      Damage    Failure   Level
 Corpse Rot               Necr/Air       N/A        N/A       1%          2
 Sublimation of Blood     Necr           36%        N/A       1%          2
 Slow                     Hex            13%        N/A       11%         2
 Confusing Touch          Hex            13%        N/A       22%         3
 Summon Forest            Summ/Tloc      6%         N/A       89%         5
 Yara's Violent Unravell  Hex/Tmut       6%         3d5       89%         5
 Eringya's Noxious Bog    Tmut/Pois      6%         N/A       100%        6
 Summon Hydra             Summ           6%         N/A       100%        7


Dungeon Overview and Level Annotations

Branches:
Dungeon (7/15)             Temple (1/1) D:6

Altars:
Ashenzari
Cheibriados
Dithmenos
Fedhas
Gozag
Hepliaklqana
Kikubaaqudgha
Makhleb
Nemelex Xobeh
Okawaru
Qazlal
Ru
Sif Muna
Trog
Uskayaw
Xom
Yredelemnul
Zin
The Shining One

Shops:
D:2 :


Innate Abilities, Weirdness & Mutations

Your natural rate of healing is unusually fast.


Message History

The troll resists with some effort.
The troll misses you. The troll claws you. The troll misses you.
You take 6 damage, and have 39/45 hp.
Aiming: Paralyse
Press: ? - help, Shift-Dir - straight line, f/p - troll
Aim: a troll (severely wounded, chance to affect: 46%)
The troll resists with some effort.
The troll bites you. The troll misses you. The troll barely misses you.
Aiming: Paralyse
Press: ? - help, Shift-Dir - straight line, f/p - troll
Aim: a troll (severely wounded, chance to affect: 46%)
The troll resists with some effort.
The troll completely misses you. The troll claws you.
The troll claws you but does no damage.
Aiming: Paralyse
Press: ? - help, Shift-Dir - straight line, f/p - troll
Aim: a troll (severely wounded, chance to affect: 46%)
The troll resists with some effort.
The troll bites you but does no damage.
The troll claws you but does no damage. x2
You regained 3 hp, and now have 42/45 hp.
Aiming: Paralyse
Press: ? - help, Shift-Dir - straight line, f/p - troll
Aim: a troll (severely wounded, chance to affect: 46%)
The troll suddenly stops moving!
Health restored: 45 Really read the scroll of immolation?
As you read the scroll of immolation, it crumbles to dust.
The creatures around you are filled with an inner flame!
Casting: Animate Dead (safe; 1% risk of failure)
Confirm with . or Enter, or press ? or * to list all spells.
Aiming: Pain (safe; 1% risk of failure)
Press: ? - help, Shift-Dir - straight line, f/p - troll
Aim: a troll (heavily wounded, inner flame, paralysed, chance to affect: 84%)
The troll writhes in agony.
Flame seeps out of the troll.
The troll is engulfed in blazing flames.
Flame seeps out of the troll.
You now have 23/24 mp.
Casting: Pain (safe; 1% risk of failure)
Confirm with . or Enter, or press ? or * to list all spells.
Aiming: Pain (safe; 1% risk of failure)
Press: ? - help, Shift-Dir - straight line, f/p - troll
Aim: a troll (flame, severely wounded, inner flame, paralysed, chance to affect: 84%)
The troll writhes in agony.
Flame seeps out of the troll.
The troll is engulfed in blazing flames.
Kikubaaqudgha accepts your kill.
The troll explodes!
The fiery explosion engulfs the two-headed ogre!!
Flame seeps out of the two-headed ogre.
The two-headed ogre is severely wounded.
The two-headed ogre is engulfed in blazing flames.
Flame seeps out of the two-headed ogre.
Your Spellcasting skill increases to level 10!
You now have 22/25 mp.
Casting: Pain (safe; 1% risk of failure)
Confirm with . or Enter, or press ? or * to list all spells.
Aiming: Pain (safe; 1% risk of failure)
Press: ? - help, Shift-Dir - straight line, f - two-headed ogre
Aim: a two-headed ogre, wielding two +0 giant clubs (flame, almost dead, inner flame, chance to affect: 71%)
The two-headed ogre writhes in agony.
Flame seeps out of the two-headed ogre.
The two-headed ogre is engulfed in blazing flames.
Kikubaaqudgha accepts your kill.
The two-headed ogre explodes!
Your Necromancy skill increases to level 14!
You now have 21/25 mp.
Casting: Pain (safe; 1% risk of failure)
Confirm with . or Enter, or press ? or * to list all spells.
Aiming: Pain (safe; 1% risk of failure)
Press: ? - help, Shift-Dir - straight line, f - cyclops
Aim: a cyclops, quivering large rocks (inner flame, chance to affect: 71%)
The cyclops writhes in agony.
Flame seeps out of the cyclops.
The cyclops is engulfed in blazing flames.
Flame seeps out of the cyclops.
You now have 20/25 mp.
Casting: Pain (safe; 1% risk of failure)
Confirm with . or Enter, or press ? or * to list all spells.
Aiming: Pain (safe; 1% risk of failure)
Press: ? - help, Shift-Dir - straight line, f/p - cyclops
Aim: a cyclops, quivering large rocks (flame, heavily wounded, inner flame, chance to affect: 71%)
The cyclops writhes in agony.
Flame seeps out of the cyclops.
The cyclops is engulfed in blazing flames.
Flame seeps out of the cyclops.
Casting: Pain (safe; 1% risk of failure)
Confirm with . or Enter, or press ? or * to list all spells.
Aiming: Pain (safe; 1% risk of failure)
Press: ? - help, Shift-Dir - straight line, f/p - cyclops
Aim: a cyclops, quivering large rocks (severely wounded, inner flame, chance to affect: 71%)
The cyclops writhes in agony!
Flame seeps out of the cyclops.
You now have 19/25 mp.
Casting: Pain (safe; 1% risk of failure)
Confirm with . or Enter, or press ? or * to list all spells.
Aiming: Pain (safe; 1% risk of failure)
Press: ? - help, Shift-Dir - straight line, f/p - cyclops
Aim: a cyclops, quivering large rocks (flame, almost dead, inner flame, chance to affect: 71%)
The cyclops struggles to resist.
The cyclops is engulfed in blazing flames.
Kikubaaqudgha accepts your kill.
The cyclops explodes!
The fiery explosion engulfs you!!!
Ouch! That really hurt!
You die...
Kikubaaqudgha rasps: "You have failed me!
Welcome... death!"

##### #### ##...## ###..####
###.....## ##.......###
##........## ##..........######
##..........# #................<
#...........## #...........######
...>#........###.........).####.#
...##........§○§@.........).##...
..Z##.#####.#########.#####.#....
......#.........#.........#.#....
......#.#.#.#.#.#....^....#......
....#.#.........#.........#......
......##).... .##.........#......
......C.#..#..#..................
......###.. ..###.........#....<.
......# !.. ..[ #.........#..#...


There were no monsters in sight!

Vanquished Creatures
  A two-headed ogre (D:7)
  A cyclops (D:7)
  2 trolls (D:7)
  A shadow (D:7)
  2 water moccasins
  2 orc warriors (D:7)
  An ice beast (D:6)
  A sky beast (D:7)
  2 centaurs
  3 bullfrogs
  3 scorpions
  A bullfrog zombie (D:5)
  A centaur zombie (D:6)
  2 jellies
  4 orc priests (D:4)
  4 hounds
  2 centaur skeletons (D:5)
  A bullfrog skeleton (D:6)
  Natasha (thrice) (D:3)
  4 iguanas
  4 orc wizards
  4 gnolls (D:6)
  A howler monkey skeleton (D:7)
  12 adders
  2 white imps (D:7)
  An ufetubus (D:4)
  An adder skeleton (D:4)
  A dart slug (D:1)
  A worm (D:2)
  20 orcs
  5 ball pythons
  4 endoplasms
  4 giant cockroaches
  15 goblins
  12 hobgoblins
  3 quokkas
  5 bats
  7 kobolds
  8 rats
151 creatures vanquished.

Vanquished Creatures (collateral kills)
  A bullfrog zombie (D:7)
  A centaur skeleton (D:7)
  An adder skeleton (D:4)
  2 orcs
  4 goblins (D:2)
9 creatures vanquished.

Vanquished Creatures (others)
  A dart slug (D:4)
  37 plants (D:6)
38 creatures vanquished.

Grand Total: 198 creatures vanquished

Notes
Turn   | Place    | Note
-------+----------+-------------------------------------------
     0 | D:1      | SkeletonJelly the Deep Elf Necromancer began the quest for
                  | the Orb.
     0 | D:1      | Reached XP level 1. HP: 10/10 MP: 6/6
   179 | D:1      | Reached skill level 5 in Necromancy
   181 | D:1      | Learned a level 1 spell: Animate Skeleton
   344 | D:1      | Found a faded altar of an unknown god.
   407 | D:1      | Reached XP level 2. HP: 12/15 MP: 5/8
  1330 | D:2      | Reached XP level 3. HP: 18/19 MP: 7/9
  1951 | D:2      | Reached XP level 4. HP: 20/24 MP: 7/11
  2073 | D:2      | Reached skill level 6 in Necromancy
  2367 | D:2      | Found Jaron's Book Shop.
  2370 | D:2      | You fall into a shaft and drop 2 floors!
  3017 | D:3      | Noticed Natasha
  3024 | D:3      | Learned a level 3 spell: Vampiric Draining
  3029 | D:3      | Learned a level 4 spell: Animate Dead
  3034 | D:3      | Killed Natasha
  3035 | D:3      | Reached XP level 5. HP: 25/28 MP: 9/13
  3369 | D:3      | Noticed Natasha
  3375 | D:3      | Killed Natasha
  3523 | D:3      | Noticed Natasha
  3530 | D:3      | Killed Natasha
  3531 | D:3      | Reached skill level 7 in Necromancy
  4088 | D:4      | Noticed a phantom
  4264 | D:4      | Reached skill level 5 in Spellcasting
  4476 | D:4      | Found a glowing silver altar of Zin.
  4476 | D:4      | Found a shimmering altar of Xom.
  4476 | D:4      | Noticed an angel
  4543 | D:4      | Reached XP level 6. HP: 31/32 MP: 15/15
  4966 | D:4      | Gained mutation: Your natural rate of healing is unusually
                  | fast. [potion of mutation]
  5031 | D:4      | Identified 2 scrolls of acquirement
  5366 | D:4      | Reached skill level 8 in Necromancy
  5369 | D:4      | HP: 1/32 [orc priest/nerve-wracking pain (12)]
  5795 | D:5      | Entered Level 5 of the Dungeon
  5877 | D:5      | Reached XP level 7. HP: 27/36 MP: 16/18
  5883 | D:5      | Learned a level 5 spell: Agony
  5987 | D:5      | Found a shadowy altar of Dithmenos.
  5989 | D:5      | Found a hazy altar of Hepliaklqana.
  6099 | D:5      | Reached skill level 9 in Necromancy
  6346 | D:5      | Found the +3 crown of Dyrovepreva {rElec Int+2 SInv}
  6627 | D:6      | Found a staircase to the Ecumenical Temple.
  6631 | Temple   | Entered the Ecumenical Temple
  6713 | Temple   | Became a worshipper of Kikubaaqudgha
  6797 | D:6      | Found a broken altar of Ashenzari.
  6913 | D:6      | Reached skill level 10 in Necromancy
  7027 | D:6      | Reached XP level 8. HP: 41/41 MP: 6/21
  8299 | D:6      | Reached skill level 11 in Necromancy
  8537 | D:7      | Reached * piety under Kikubaaqudgha
  8537 | D:7      | Received a gift from Kikubaaqudgha
  8860 | D:7      | Reached skill level 12 in Necromancy
  8903 | D:7      | Noticed a two-headed ogre
  8932 | D:7      | Noticed a troll
  8959 | D:7      | Reached XP level 9. HP: 43/45 MP: 19/24
  9015 | D:7      | Killed a troll
  9182 | D:7      | Noticed a troll
  9183 | D:7      | Noticed a cyclops
  9222 | D:7      | Reached skill level 13 in Necromancy
  9232 | D:7      | Killed a troll
  9233 | D:7      | Reached skill level 10 in Spellcasting
  9233 | D:7      | Killed a two-headed ogre
  9234 | D:7      | Reached skill level 14 in Necromancy
  9237 | D:7      | Killed a cyclops
  9237 | D:7      | Killed by an exploding cyclops... ignited by their inner
                  | flame

Illustrated notes

Levels and vault maps discovered:
D:1:      matt_arrival_refuge, layout_rooms, chequers_ecumenical_altar_simple
D:2:      cheibrodos_greedy_goblins, layout_basic, serial_shops,
          nicolae_shop_statue_plus
D:3:      layout_basic, uniq_natasha
D:4:      layout_basic, grunt_temple_overflow_order_and_chaos_1,
          grunt_ministairs_6
D:5:      layout_rooms, nicolae_overflow_hidden_temple
D:6:      layout_loops_corners, mainiacjoe_overflow_24_doors,
          minmay_temple_entry_drinking_statues, kennysheep_boxes
D:7:      layout_cave_pods, hangedman_decor_lopped, minmay_the_grid_2x2
          [minmay_the_grid_empty, minmay_the_grid_tiny_cups, minmay_the_grid_x,
          minmay_the_grid_prize_big_room]
Temple:   nicolae_temple_great_sept

Skill      XL: |  1  2  3  4  5  6  7  8  9 |
---------------+----------------------------+-----
Necromancy     | 5 6 7 8 10 12 14 | 14.0
Stealth        | 3 |  3.0
Dodging        | 3 |  3.0
Spellcasting   | 4 5 6 7 9 10 | 10.7

Action                   |  1- 3 |  4- 6 |  7- 9 || total
-------------------------+-------+-------+-------++-------
Melee: Unarmed           |     6 |       |       ||     6
       Short sword       |       |    71 |    20 ||    91
       Dagger            |       |    12 |       ||    12
       Whip              |       |       |    26 ||    26
       Trident           |       |       |    68 ||    68
 Cast: Pain              |    58 |   108 |   127 ||   293
       Animate Skeleton  |    12 |     8 |     3 ||    23
       Animate Dead      |       |     7 |    14 ||    21
       Vampiric Draining |       |     1 |     9 ||    10
       Agony             |       |       |     9 ||     9
Evoke: Wand              |       |       |    11 ||    11
  Use: Potion            |       |     4 |     1 ||     5
       Scroll            |       |     2 |     3 ||     5
 Stab: Sleeping          |       |       |     2 ||     2
Armor: Robe              |     5 |    31 |    55 ||    91
       Troll leather arm |       |       |     7 ||     7
Dodge: Dodged            |     7 |    99 |   232 ||   338

Table legend: (Time is in decaauts)
 A = Elapsed time spent in this place.
 B = Non-inter-level travel time spent in this place.
 C = Inter-level travel time spent in this place.
 D = Time resting spent in this place.
 E = Time spent auto-exploring this place.
 F = Levels seen in this place.
 G = Mean time per level.
                   A        B        C        D        E       F      G
               +--------+--------+--------+--------+--------+-----+--------+
         Total |   9239 |   8818 |    421 |     93 |   7303 |   8 | 1154.9 |
       Dungeon |   9146 |   8734 |    412 |     93 |   7243 |   7 | 1306.6 |
        Temple |     92 |     83 |      9 |      0 |     60 |   1 |   92.0 |
               +--------+--------+--------+--------+--------+-----+--------+

Top non-repeatable levels by time:
     D:4: 1726 daAuts
     D:6: 1707 daAuts
     D:3: 1497 daAuts
     D:2: 1406 daAuts
     D:1: 1289 daAuts
     D:7: 832 daAuts
     D:5: 686 daAuts
  Temple: 92 daAuts
